 Dungeon Crawl Stone Soup version 0.30.0-29-ga12c61a403 (webtiles) character file.

Game seed: 4788807601843086868

74 BONEBRO the Chopper (level 4, -6/60 HPs)
             Began as a Hill Orc Berserker on June 12, 2023.
             Was a Believer of Trog.
             Mangled by a gnoll
             ... wielding a +0 halberd
              (11 damage)
             ... on level 3 of the Dungeon.
             The game lasted 00:04:11 (1668 turns).

BONEBRO the Chopper (Hill Orc Berserker)            Turns: 1668, Time: 00:04:12

Health: -6/60      AC:  3    Str: 21    XL:     4   Next: 28%
Magic:  4/4        EV: 12    Int:  7    God:    Trog [**....]
Gold:   140        SH:  0    Dex: 10    Spells: 3/3 levels left

rFire   . . .        i - +0 war axe
rCold   . . .        (no shield)
rNeg    . . .        b - +0 animal skin
rPois   .            (no helmet)
rElec   .            k - scarf {repulsion}
rCorr   .            (no gloves)
SInv    .            l - +0 pair of boots
Will    .....        (no amulet) Stlth
                     (no ring)
HPRegen 0.30/turn    (no ring)
MPRegen 0.09/turn

%: repel missiles
@: berserking, very quick
A: no striking features
a: Renounce Religion, Berserk, Trog's Hand


You were on level 3 of the Dungeon.
You worshipped Trog.
Trog was pleased with you.
You visited 1 branch of the dungeon, and saw 3 of its levels.

You collected 140 gold pieces.

Inventory:

Hand Weapons
 a - a +0 hand axe
 i - a +0 war axe (weapon)
Armour
 b - a +0 animal skin (worn)
 c - a +2 cloak
 j - the +0 leather armour "Xiavezug" {Harm +Blink Fly SInv}
   (You found it on level 2 of the Dungeon)

   SInv:      It lets you see invisible.
   Fly:       It grants you flight.
   +Blink:    It lets you blink.
   Harm:      It increases damage dealt and taken.
 k - a scarf of repulsion (worn)
 l - a +0 pair of boots (worn)
Scrolls
 d - a scroll of butterflies {unknown}
 e - a scroll of silence {unknown}
 g - a scroll of blinking {unknown}
 h - 2 scrolls of teleportation {unknown}
 m - a scroll of immolation {unknown}
 n - a scroll of noise {unknown}
Potions
 f - 4 potions of flight {unknown}
 o - a potion of brilliance {unknown}


   Skills:
 - Level 3.9 Fighting
 * Level 6.1 Axes
 - Level 2.2 Armour
 - Level 1.8 Dodging


You had 3 spell levels left.
You didn't know any spells.
Your spell library was empty.

Dungeon Overview and Level Annotations

Branches:
Dungeon (3/15)

Altars:


Message History

The gnoll hits you with a +0 club. The gnoll closely misses you. x2
A gnoll comes into view. It is wielding a +0 spear.
You hit the gnoll.
The gnoll is severely wounded.
The gnoll hits you from afar with a +0 spear.
The gnoll barely misses you. The gnoll hits you with a +0 club!
A gnoll comes into view. It is wielding a +0 flail.
The gnoll attacks as you move away! The gnoll hits you with a +0 club.
A bat comes into view.
A red film seems to cover your vision as you go berserk!
You feel yourself moving faster!
You feel mighty! The gnoll hits you with a +0 club!
The gnoll closely misses you.
You slice the gnoll!!
You kill the gnoll!
Trog accepts your kill.
The gnoll hits you from afar with a +0 spear.
Your Axes skill increases to level 6!
You have reached level 4!
A gnoll comes into view. It is wielding a +0 club.
The gnoll hits you from afar with a +0 spear.
* * * LOW HITPOINT WARNING * * *
The gnoll misses you. x2
You see here a +0 club.
The gnoll shouts!
You slash the gnoll!
You kill the gnoll!
Trog accepts your kill. The bat closely misses you.
You slice the bat!!
You kill the bat!
Trog accepts your kill.
The gnoll hits you from afar with a +0 spear!
* * * LOW HITPOINT WARNING * * *
The gnoll misses you.
A gnoll comes into view. It is wielding a +0 spear.
The gnoll shouts!
The gnoll hits you from afar with a +0 spear.
* * * LOW HITPOINT WARNING * * *
The gnoll hits you with a +0 halberd!
You die...

....#....# ....#....####
.. ....#.......# g# ###
....##......# .#....
....##......# #.#....
....##......# .g.....
....##......# .g.....
.#####†>..).#####gg.....
............'..)@g......
######......#####g......
######## ....... ...##..
...# # ####


You could see 7 gnolls.

Vanquished Creatures
  An adder (D:2)
  2 gnolls (D:3)
  A worm (D:2)
  A dart slug (D:1)
  8 endoplasms
  2 giant cockroaches (D:2)
  6 goblins
  4 hobgoblins
  A kobold (D:3)
  A quokka (D:2)
  4 ball pythons
  5 bats
  A rat (D:1)
37 creatures vanquished.

Notes
Turn   | Place    | Note
-------+----------+-------------------------------------------
     0 | D:1      | BONEBRO the Hill Orc Berserker began the quest for the Orb.
     0 | D:1      | Reached XP level 1. HP: 19/19 MP: 1/1
   228 | D:1      | Reached XP level 2. HP: 27/27 MP: 2/2
   843 | D:2      | Reached XP level 3. HP: 33/33 MP: 3/3
   914 | D:2      | Identified the +0 leather armour "Xiavezug" {Harm +Blink
                  | Fly SInv}
  1066 | D:2      | Reached skill level 5 in Axes
  1152 | D:2      | Reached ** piety under Trog
  1665 | D:3      | Reached skill level 6 in Axes
  1665 | D:3      | Reached XP level 4. HP: 18/40 MP: 4/4
  1668 | D:3      | Mangled by a gnoll

Illustrated notes

Levels and vault maps discovered:
D:1:      dpeg_arrival_fog, layout_loops_ring
D:2:      layout_loops_corners
D:3:      layout_basic, serial_shops, shop, ebering_ecumenical_altar_sacrificial

Skill      XL: |  1  2  3 |
---------------+----------+-----
Axes           | 6 |  6.1
Fighting       | |  3.9
Armour         | |  2.2
Dodging        | |  1.8

Action                     |  1- 3 |  4- 6 || total
---------------------------+-------+-------++-------
  Melee: Hand axe          |    42 |       ||    42
         War axe           |    60 |     2 ||    62
 Invoke: Berserk           |     1 |       ||     1
   Stab: Sleeping          |     5 |       ||     5
         Distracted        |     1 |       ||     1
 Armour: Animal skin       |    29 |       ||    29
  Dodge: Dodged            |    67 |     4 ||    71
